Map: Frost LE

Players

migueloco

  • Race: Protoss Protoss
  • League: Silver
  • Spawn Location: 11:00

Fropez - Winner!

  • Race: Protoss Protoss
  • League: Silver
  • Spawn Location: 7:00

VOD

Have the link to the VOD?

Description

Time

  • Played on: July 11, 2016, 2 p.m.
  • Length: 27:48
Show
View Real Time Build Order
Export as new Build Order

migueloco Protoss 

Build Orders:  

Get SALT Encoding   

  12  0:02  Probe (Chrono Boost)  
  13  0:21  Pylon  
  13  0:22  Probe (Chrono Boost)  
  14  0:33  Probe (Chrono Boost)  
  15  0:43  Probe (Chrono Boost), Gateway  
  16  0:52  Assimilator  
  16  0:54  Probe (Chrono Boost)  
  17  1:03  Assimilator  
  17  1:04  Probe (Chrono Boost)  
  18  1:16  Probe (Chrono Boost)  
  19  1:23  Pylon  
  19  1:27  Probe (Chrono Boost)  
  20  1:37  Probe (Chrono Boost)  
  20  1:38  Cybernetics Core  
  21  1:48  Probe (Chrono Boost)  
  22  1:58  Probe (Chrono Boost)  
  23  2:05  Gateway  
  23  2:09  Probe (Chrono Boost)  
  24  2:19  Probe (Chrono Boost)  
  25  2:24  Gateway  
  25  2:32  Pylon  
  26  2:44  Mothership Core (Chrono Boost)  
  27  2:55  Adept x2  
  30  3:04  Pylon  
  30  3:22  Adept x2  
  34  3:27  Stargate  
  34  3:33  Pylon  
  34  3:40  Stalker  
  34  3:41  Assimilator, Warp Gate (Chrono Boost)  
  36  3:44  Assimilator  
  36  3:50  Sentry  
  38  4:03  Stalker  
  40  4:11  Nexus  
  40  4:21  Oracle (Chrono Boost)  
  43  4:33  Forge  
  43  4:35  Pylon  
  43  5:10  Photon Cannon  
  43  5:14  Photon Cannon  
  43  5:18  Probe  
  44  5:24  Photon Cannon  
  44  5:25  Phoenix  
  46  5:30  Probe  
  46  5:32  Probe  
  48  5:42  Probe  
  49  5:43  Probe  
  50  5:53  Probe  
  51  6:09  Stalker  
  51  6:10  Stalker  
  55  6:19  Void Ray (Chrono Boost)  
  59  6:27  Probe  
  59  6:30  Probe  
  61  6:39  Probe  
  62  6:42  Probe  
  63  6:47  Robotics Facility  
  63  6:51  Probe  
  64  6:54  Probe  
  64  6:57  Void Ray (Chrono Boost)  
  69  7:06  Probe  
  70  7:11  Probe  
  71  7:17  Pylon  
  71  7:19  Sentry  
  71  7:20  Pylon, Stalker  
  75  7:23  Probe  
  76  7:34  Phoenix (Chrono Boost)  
  76  7:35  Probe  
  79  7:47  Probe, Stalker x2  
  84  7:51  Immortal  
  84  7:56  Void Ray (Chrono Boost)  
  92  8:28  Stargate  
  92  8:32  Observer  
  93  8:43  Pylon  
  93  8:54  Observer  
  94  9:01  Void Ray (Chrono Boost)  
  98  9:03  Pylon  
  98  9:07  Pylon  
  98  9:10  Pylon, Protoss Shields Level 1  
  100  9:18  Phoenix (Chrono Boost)  
  100  9:43  Stalker  
  101  9:48  Stalker  
  103  9:59  Adept  
  105  10:20  Void Ray (Chrono Boost)  
  105  10:47  Stalker  
  105  10:48  Stalker  
  109  10:51  Void Ray (Chrono Boost)  
  113  10:57  Fleet Beacon  
  117  11:26  Observer  
  117  11:27  Nexus  
  117  11:31  Void Ray (Chrono Boost)  
  117  11:32  Pylon  
  118  11:34  Void Ray (Chrono Boost)  
  122  11:48  Observer  
  119  11:56  Stalker  
  119  11:57  Stalker  
  119  11:58  Stalker  
  121  12:20  Phoenix (Chrono Boost)  
  123  12:23  Twilight Council  
  119  12:50  Stalker x2  
  108  13:21  Stalker x2  
  108  13:22  Stalker  
  94  14:18  Assimilator  
  94  14:20  Assimilator  
  90  14:28  Pylon  
  90  14:30  Pylon  
  88  14:32  Pylon  
  88  14:38  Pylon  
  66  15:04  Pylon  
  66  15:07  Pylon  
  66  15:11  Stalker  
  66  15:12  Stalker  
  66  15:14  Pylon  
  70  15:18  Pylon  
  70  15:19  Adept  
  72  15:27  Immortal  
  72  15:50  Probe  
  72  15:54  Tempest (Chrono Boost)  
  81  16:00  Pylon  
  81  16:01  Tempest (Chrono Boost)  
  81  16:02  Probe  
  81  16:03  Photon Cannon  
  82  16:07  Stalker  
  84  16:11  Pylon  
  84  16:14  Probe  
  84  16:15  Blink  
  85  16:23  Stalker  
  87  16:27  Probe  
  88  16:52  Probe  
  89  17:02  Probe  
  89  17:03  Probe  
  91  17:13  Probe  
  92  17:15  Probe  
  92  17:22  Stalker  
  95  17:23  Probe, Stalker  
  95  17:26  Stalker  
  95  17:28  Probe  
  101  17:34  Probe  
  102  17:40  Probe  
  92  18:13  Probe  
  93  18:24  Probe  
  94  18:34  Probe  
  94  18:36  Photon Cannon  
  94  18:37  Photon Cannon, Stalker  
  94  18:38  Stalker  
  99  18:41  Photon Cannon  
  99  18:45  Probe  
  99  18:47  Tempest (Chrono Boost)  
  104  18:55  Probe  
  105  19:06  Probe  
  107  19:10  Observer  
  107  19:16  Void Ray (Chrono Boost)  
  111  19:28  Tempest (Chrono Boost)  
  115  19:33  Probe  
  116  19:44  Probe  
  117  19:53  Protoss Air Weapons Level 1  
  117  19:59  Tempest (Chrono Boost)  
  121  20:04  Protoss Shields Level 2  
  121  20:15  Tempest (Chrono Boost)  
  123  20:52  Photon Cannon  
  123  20:53  Photon Cannon  
  123  20:55  Photon Cannon  
  123  21:02  Stalker x2  
  123  21:03  Stalker  
  129  21:08  Tempest (Chrono Boost)  
  129  21:09  Tempest (Chrono Boost)  
  137  21:15  Observer  
  138  21:36  Observer  
  139  21:50  Tempest (Chrono Boost)  
  143  22:03  Nexus  
  143  22:07  Pylon  
  143  22:09  Immortal  
  143  22:11  Pylon  
  143  22:15  Pylon  
  147  22:21  Pylon  
  147  22:24  Assimilator  
  147  22:27  Tempest (Chrono Boost)  
  151  22:30  Assimilator  
  151  22:42  Void Ray (Chrono Boost)  
  155  22:57  Photon Cannon  
  154  23:07  Photon Cannon  
  153  23:33  Void Ray (Chrono Boost)  
  156  23:55  Stalker  
  151  23:56  Stalker x2  
  99  24:43  Photon Cannon  
  99  24:50  Tempest (Chrono Boost)  
  99  24:51  Tempest (Chrono Boost)  
  107  25:13  Immortal  
  111  25:44  Stargate  
  111  25:50  Photon Cannon  
  111  25:56  Pylon  
  111  25:59  Tempest (Chrono Boost)  
  111  26:00  Tempest (Chrono Boost)  
  119  26:32  Oracle (Chrono Boost)  
  122  26:37  Tempest x2 (Chrono Boost)  
  125  26:43  Stalker  
  125  26:44  Stalker x2  
Show
View Real Time Build Order
Export as new Build Order

Fropez Protoss - Winner!

Build Orders:  

Get SALT Encoding   

  12  0:01  Probe (Chrono Boost)  
  13  0:18  Pylon  
  14  0:21  Probe (Chrono Boost)  
  14  0:32  Probe (Chrono Boost)  
  15  0:40  Gateway  
  15  0:43  Probe (Chrono Boost)  
  16  0:53  Probe (Chrono Boost)  
  16  0:56  Forge  
  18  1:04  Probe (Chrono Boost), Assimilator  
  18  1:14  Probe (Chrono Boost)  
  19  1:26  Probe (Chrono Boost)  
  20  1:34  Pylon  
  20  1:36  Probe (Chrono Boost)  
  21  1:43  Assimilator  
  21  1:47  Probe (Chrono Boost)  
  21  1:51  Pylon  
  22  1:57  Probe (Chrono Boost)  
  23  2:09  Nexus  
  23  2:23  Photon Cannon  
  23  2:27  Gateway  
  23  2:35  Protoss Ground Weapons Level 1 (Chrono Boost)  
  23  2:36  Pylon  
  24  2:37  Probe (Chrono Boost)  
  24  2:53  Cybernetics Core  
  24  2:56  Probe (Chrono Boost)  
  25  3:09  Photon Cannon  
  25  3:10  Probe (Chrono Boost)  
  26  3:19  Probe  
  26  3:21  Probe  
  28  3:27  Gateway  
  28  3:30  Probe  
  28  3:33  Probe  
  30  3:38  Warp Gate (Chrono Boost)  
  30  3:44  Probe  
  30  3:48  Probe  
  32  3:57  Pylon, Mothership Core  
  34  4:03  Probe  
  34  4:09  Pylon  
  35  4:10  Photon Cannon  
  35  4:14  Sentry  
  35  4:15  Probe  
  38  4:21  Probe  
  39  4:27  Probe  
  39  4:31  Pylon  
  40  4:34  Probe  
  40  4:35  Gateway  
  41  4:38  Protoss Ground Armor Level 1  
  41  4:39  Probe  
  42  4:46  Probe  
  42  4:51  Twilight Council, Probe  
  44  5:05  Robotics Facility  
  44  5:07  Probe  
  44  5:09  Pylon  
  44  5:11  Probe  
  44  5:13  Assimilator  
  46  5:15  Assimilator  
  46  5:25  Blink (Chrono Boost)  
  46  5:36  Nexus  
  46  5:38  Pylon  
  46  5:39  Forge  
  46  5:41  Pylon  
  46  5:42  Probe, Gateway  
  47  5:49  Pylon  
  47  5:54  Probe  
  47  5:59  Stalker x2  
  47  6:00  Stalker  
  51  6:06  Probe  
  51  6:07  Probe  
  51  6:10  Photon Cannon  
  53  6:15  Photon Cannon  
  53  6:24  Gateway  
  53  6:26  Pylon  
  53  6:35  Observer  
  53  6:39  Protoss Ground Armor Level 2 (Chrono Boost)  
  54  6:52  Probe x2  
  54  6:54  Protoss Ground Weapons Level 2 (Chrono Boost)  
  56  6:56  Observer  
  56  6:59  Stalker x5  
  67  7:07  Probe x2  
  69  7:08  Probe  
  70  7:19  Warp Prism  
  72  7:46  Probe  
  72  7:47  Probe  
  74  7:54  Warp Prism  
  74  7:55  Stargate  
  74  7:58  Stargate  
  76  8:00  Stargate  
  76  8:02  Pylon  
  76  8:03  Pylon  
  76  8:05  Probe x2, Gateway  
  76  8:06  Probe  
  76  8:07  Photon Cannon  
  79  8:15  Assimilator  
  79  8:17  Assimilator  
  79  8:18  Stalker x4  
  79  8:19  Stalker  
  79  8:44  Phoenix x3 (Chrono Boost)  
  85  9:01  Zealot x6  
  97  9:06  Phoenix (Chrono Boost)  
  97  9:07  Phoenix (Chrono Boost)  
  97  9:48  Phoenix x3 (Chrono Boost)  
  97  9:51  Stalker  
  97  9:52  Stalker x5  
  105  9:53  Stalker  
  99  10:09  Phoenix x2 (Chrono Boost)  
  99  10:10  Phoenix (Chrono Boost)  
  105  10:20  Pylon  
  105  10:21  Pylon  
  105  10:27  Gateway  
  105  10:29  Zealot x7  
  117  10:45  Photon Cannon  
  117  10:48  Photon Cannon  
  117  10:51  Probe  
  117  10:52  Probe  
  117  10:55  Protoss Shields Level 1  
  117  10:56  Photon Cannon  
  119  10:59  Phoenix (Chrono Boost)  
  119  11:00  Phoenix x2 (Chrono Boost)  
  111  11:14  Protoss Air Weapons Level 1 (Chrono Boost)  
  111  11:20  Phoenix x2  
  111  11:23  Phoenix  
  117  11:33  Stalker x3  
  123  12:03  Zealot x4  
  123  12:04  Zealot x4  
  139  12:08  Charge  
  139  12:09  Protoss Ground Armor Level 3  
  137  12:51  Zealot x4  
  137  12:52  Zealot x4  
  137  12:56  Protoss Air Armor Level 1 (Chrono Boost)  
  149  13:00  Phoenix  
  149  13:01  Phoenix  
  149  13:03  Phoenix  
  119  13:25  Stalker x5  
  119  13:26  Stalker x3  
  117  13:36  Phoenix  
  117  13:37  Phoenix  
  117  13:39  Phoenix  
  122  13:58  Phoenix  
  124  14:04  Phoenix  
  116  14:27  Nexus  
  100  14:39  Stalker  
  100  14:40  Stalker x6  
  100  14:43  Probe x2  
  112  14:51  Pylon  
  112  14:52  Pylon  
  100  14:55  Assimilator  
  100  14:59  Assimilator  
  100  15:07  Nexus  
  100  15:09  Assimilator  
  100  15:11  Probe x3, Assimilator  
  100  15:12  Phoenix  
  103  15:15  Phoenix, Pylon  
  101  15:59  Gateway  
  101  16:01  Gateway  
  101  16:02  Gateway  
  101  16:04  Gateway  
  101  16:14  Fleet Beacon  
  101  16:16  Dark Shrine  
  101  16:18  Templar Archives  
  101  16:21  Pylon  
  101  16:26  Zealot x2  
  105  16:44  Phoenix x2  
  105  16:47  Phoenix  
  105  17:04  Protoss Air Weapons Level 2 (Chrono Boost)  
  105  17:05  Phoenix x2  
  105  17:12  Phoenix  
  105  17:14  Anion Pulse-Crystals  
  111  17:56  Stalker x6  
  111  17:57  Stalker x4  
  125  18:22  Phoenix x2  
  125  18:25  Phoenix  
  131  18:28  Stalker  
  131  18:29  Stalker  
  135  18:42  Nexus  
  135  18:43  Phoenix  
  135  18:45  Phoenix, Probe  
  140  18:50  Phoenix  
  142  18:56  Protoss Ground Weapons Level 3 (Chrono Boost)  
  142  18:57  Protoss Shields Level 2 (Chrono Boost)  
  142  19:00  Protoss Air Armor Level 2  
  142  19:14  Phoenix  
  142  19:17  Phoenix  
  142  19:18  Phoenix  
  148  19:40  Observer  
  148  19:43  Phoenix  
  149  19:46  Phoenix  
  149  19:47  Phoenix  
  149  19:51  Assimilator  
  155  19:53  Assimilator  
  155  20:02  Observer  
  156  20:12  Phoenix  
  158  20:15  Nexus  
  158  20:17  Assimilator  
  158  20:21  Assimilator  
  158  20:23  Observer  
  157  20:43  Dark Templar  
  157  20:44  Observer, Dark Templar x7  
  157  20:45  Dark Templar  
  176  20:56  Robotics Bay  
  176  21:04  Pylon  
  176  21:06  Pylon  
  182  21:25  High Templar  
  182  21:26  High Templar x2  
  188  21:48  Pylon  
  188  21:50  Pylon  
  188  21:56  Pylon  
  188  21:58  Pylon  
  188  22:00  Gateway  
  188  22:01  Probe, Gateway  
  188  22:03  Gateway  
  188  22:05  Gateway x2  
  188  22:07  Gateway  
  188  22:08  Pylon x2  
  189  22:14  Stalker x2  
  189  22:15  Stalker x2  
  197  22:27  Phoenix, Observer Gravitic Boosters (Chrono Boost)  
  199  22:45  Protoss Shields Level 3  
  199  22:46  Protoss Air Weapons Level 3 (Chrono Boost)  
  114  24:09  Stalker x2  
  101  24:10  Stalker x5  
  101  24:11  Stalker x4  
  98  24:25  Archon  
  87  24:32  High Templar x3  
  87  24:33  High Templar x5  
  87  24:34  High Templar x6  
  87  24:37  Archon  
  87  24:38  Archon x4  
  111  24:39  Archon  
  111  24:40  Archon  
  111  24:53  Probe  
  111  24:58  Carrier x2  
  124  25:04  Protoss Air Armor Level 3 (Chrono Boost)  
  124  25:24  Stalker x3  
  124  25:25  Stalker x5  
  124  25:26  Stalker  
  124  25:27  Stalker  
  144  25:36  Observer (Chrono Boost)  
  144  25:37  Nexus  
  144  25:41  Assimilator  
  145  25:45  Assimilator  
  145  25:57  Nexus, Observer (Chrono Boost)  
  146  26:00  Assimilator  
  146  26:02  Assimilator  
  146  26:03  Zealot  
  146  26:04  Zealot x5  
  150  26:05  Zealot x6  
  150  26:10  Nexus  
  170  26:14  Assimilator  
  170  26:16  Observer (Chrono Boost)  
  170  26:18  Assimilator  
  171  26:20  Pylon  
  149  26:53  Stalker  
  149  26:54  Stalker x4  
  137  26:55  Stalker x5  
  137  26:56  Stalker x4  
  147  27:34  Stalker x4  
Tags
 
Matchup
PvP
Replay Pack
All Mines
Spawn Locations
Close Positions
Add a new tag
Caveats
  • Supply blocks, unpowered buildings, or Contaminate may cause inaccurate times.
  • Supply counts are checked every 10 seconds.